 Dungeon Crawl Stone Soup version 0.23.0 (webtiles) character file.

Game seed: 43843415104325130

54992 Azzok the Thaumaturge (level 14, -2/108 HPs)
             Began as a Gnoll Earth Elementalist on Feb 16, 2019.
             Was a High Priest of Vehumet.
             Slain by an orc warlord
             ... wielding a +2 dire flail
              (22 damage)
             ... on level 11 of the Dungeon.
             The game lasted 01:05:53 (28338 turns).

Azzok the Thaumaturge (Gnoll Earth Elementalist)   Turns: 28338, Time: 01:05:54

Health: -2/108     AC: 12    Str: 11    XL:     14   Next: 75%
Magic:  0/28       EV: 19    Int: 29    God:    Vehumet [*****.]
Gold:   1472       SH:  7    Dex: 17    Spells: 6/34 levels left

rFire    + . .     SeeInvis .   H - staff of conjuration
rCold    + + +     Gourm    .   h - +0 buckler
rNeg     . . .     Faith    .   N - +0 troll leather armour
rPois    +         Spirit   .   w - +2 helmet
rElec    .         Reflect  .   C - scarf {repulsion}
rCorr    .         Harm     .   q - +2 pair of gloves
MR       +....                  (no boots)
Stlth    +++.......             y - amulet of regeneration
HPRegen  1.08/turn              o - +6 ring of intelligence
MPRegen  0.21/turn              E - ring of Seiddyge {rPois rF+ rC+++ Int+2 Stlth-}

@: about to teleport, very slightly contaminated, repel missiles
A: distributed training, fangs 1, strong nose
a: Renounce Religion


You were on level 11 of the Dungeon.
You worshipped Vehumet.
Vehumet was extremely pleased with you.
You were not hungry.

You visited 4 branches of the dungeon, and saw 19 of its levels.
You also visited: Gauntlet and Ice Cave.

You collected 1557 gold pieces.
You spent 85 gold pieces at shops.

Inventory:

Missiles
 b - 215 stones (quivered)
Armour
 h - a +0 buckler (worn)
 q - a +2 pair of gloves (worn)
 w - a +2 helmet (worn)
 C - a scarf of repulsion (worn)
 I - a +0 cloak of invisibility
 N - a +0 troll leather armour (worn)
 Q - a +3 leather armour of cold resistance
Magical Staves
 H - an uncursed staff of conjuration (weapon)
 L - an uncursed staff of wizardry
Jewellery
 c - an uncursed ring of magical power
 o - a +6 ring of intelligence (left hand)
 y - an amulet of regeneration (around neck)
 E - the ring of Seiddyge (right hand) {rPois rF+ rC+++ Int+2 Stlth-}
   (You found it in a Gauntlet)

   [ring of poison resistance]

   It affects your intelligence (+2).
   It protects you from fire.
   It renders you almost immune to cold.
   It protects you from poison.
   It makes you less stealthy.
Wands
 A - a wand of disintegration (9)
 M - a wand of digging (6)
 O - a wand of iceblast (10)
 P - a wand of paralysis (17)
Scrolls
 a - 9 scrolls of teleportation
 g - 13 scrolls of remove curse
 i - 2 scrolls of magic mapping
 k - a scroll of fear
 l - 5 scrolls of enchant weapon
 m - 3 scrolls of enchant armour
 u - 2 scrolls of amnesia
 D - a scroll of fog
 K - a scroll of blinking
Potions
 e - 6 potions of curing
 f - a potion of resistance
 j - 4 potions of heal wounds
 p - 4 potions of haste
 r - a potion of agility
 s - 4 potions of flight
 t - 6 potions of mutation {!q}
 x - 4 potions of brilliance
 z - 3 potions of berserk rage
 B - 3 potions of might
 T - a potion of magic
Miscellaneous
 v - a lightning rod (4/4)
 J - a fan of gales
 R - a lamp of fire
 S - a phantom mirror
Comestibles
 d - 39 rations


   Skills:
 + Level 9.3 Fighting
 + Level 9.3 Short Blades
 + Level 9.3 Long Blades
 + Level 9.3 Axes
 + Level 9.3 Maces & Flails
 + Level 9.3 Polearms
 + Level 9.3 Staves
 + Level 9.3 Slings
 + Level 9.3 Bows
 + Level 9.3 Crossbows
 + Level 9.3 Throwing
 + Level 9.3 Armour
 + Level 10.3 Dodging
 + Level 10.2 Stealth
 + Level 9.3 Shields
 + Level 9.3 Unarmed Combat
 + Level 10.5 Spellcasting
 + Level 7.8 Conjurations
 + Level 7.8 Hexes
 + Level 7.8 Charms
 + Level 7.8 Summonings
 + Level 7.8 Necromancy
 + Level 7.8 Translocations
 + Level 8.1 Transmutations
 + Level 7.8 Fire Magic
 + Level 7.8 Ice Magic
 + Level 7.8 Air Magic
 + Level 9.6 Earth Magic
 + Level 7.8 Poison Magic
 + Level 10.1 Invocations
 + Level 9.3 Evocations


You had 6 spell levels left.
You knew the following spells:

 Your Spells              Type           Power        Failure   Level  Hunger
a - Sandblast             Erth           ######       1%          1    None
b - Stone Arrow           Conj/Erth      ######       1%          3    None
c - Regeneration          Chrm/Necr      ######....   1%          3    None
d - Fireball              Conj/Fire      ######....   1%          5    ###....
e - Bolt of Fire          Conj/Fire      ######....   7%          6    #####..
f - Summon Ice Beast      Ice/Summ       ######..     1%          4    None
g - Iron Shot             Conj/Erth      #######...   5%          6    #####..

Your spell library contained the following spells:

 Spells                   Type           Power        Failure   Level  Hunger
 Conjure Ball Lightning   Conj/Air       ######....   7%          6    #####..
 Animate Skeleton         Necr           N/A          1%          1    None
 Apportation              Tloc           ######       1%          1    None
 Confusing Touch          Hex            ######       1%          1    None
 Freeze                   Ice            ####         1%          1    None
 Summon Small Mammal      Summ           ####         1%          1    None
 Call Imp                 Summ           ######..     1%          2    None
 Passwall                 Tmut/Erth      ######..     1%          2    None
 Poisonous Vapours        Pois/Air       ######       1%          2    None
 Sublimation of Blood     Necr           ######....   1%          2    None
 Throw Frost              Conj/Ice       ######       1%          2    None
 Call Canine Familiar     Summ           ######..     1%          3    None
 Ignite Poison            Fire/Tmut/Pois ######..     1%          3    None
 Ozocubu's Armour         Chrm/Ice       ######..     1%          3    None
 Spectral Weapon          Hex/Chrm       ######..     1%          3    None
 Summon Guardian Golem    Hex/Summ       ######..     1%          3    None
 Cause Fear               Hex            ######....   1%          4    None
 Petrify                  Tmut/Erth      ######..     1%          4    None
 Summon Lightning Spire   Summ/Air       ######..     1%          4    None
 Throw Icicle             Conj/Ice       ######..     1%          4    None
 Bolt of Magma            Conj/Fire/Erth #######...   1%          5    ###....
 Irradiate                Conj/Tmut      #######...   1%          5    ###....
 Iskenderun's Battlesphe  Conj/Chrm      ######..     1%          5    ###....
 Lee's Rapid Deconstruct  Erth           ######....   1%          5    ###....
 Venom Bolt               Conj/Pois      ######....   1%          5    ###....
 Yara's Violent Unravell  Hex/Tmut       ######....   1%          5    ###....
 Alistair's Intoxication  Tmut/Pois      ######..     4%          5    ###....
 Silence                  Hex/Air        ######....   4%          5    ###....
 Deflect Missiles         Chrm/Air       ######....   26%         6    #####..
 Orb of Destruction       Conj           ######....   36%         7    ######.
 Spellforged Servitor     Conj/Summ      ######....   36%         7    ######.
 Ring of Flames           Chrm/Fire      ######....   83%         7    ######.
 Ignition                 Fire           ######....   94%         8    #######
 Discord                  Hex            ######....   100%        8    #######


Dungeon Overview and Level Annotations

Branches:
Dungeon (11/15)            Temple (1/1) D:7            Lair (6/6) D:11
 Shoals (0/4) Lair:4       Spider (0/4) Lair:3        Slime (0/5) Lair:6
    Orc (1/2) D:11

Altars:
Ashenzari
Cheibriados
Dithmenos
Elyvilon
Fedhas
Gozag
Hepliaklqana
Kikubaaqudgha
Makhleb
Nemelex Xobeh
Okawaru
Qazlal
Ru
Sif Muna
Trog
Uskayaw
Vehumet
Wu Jian
Xom
Yredelemnul
Zin
The Shining One

Shops:
D:9 **   D:10 (

Annotations:
D:9 3 runed translucent doors, Erica; HEYYEYAAE's ghost, journeyman OpHu
Lair:6 1 runed translucent door, Puepiyp's ghost, journeyman VSTm


Innate Abilities, Weirdness & Mutations

Your experience applies equally to all skills.
You have very sharp teeth.
Your uncanny sense of smell can sniff out nearby items.


Message History

You hit the orc warlord but do no damage.
The orc warlord is almost dead.
The orc warlord hits you with a +2 dire flail!!
* * * LOW HITPOINT WARNING * * *
As you read the scroll of teleportation, it crumbles to dust.
You feel strangely unstable.
The orc warlord hits you with a +2 dire flail!!
* * * LOW HITPOINT WARNING * * *
You block the orc warlord's attack.
Casting: Sandblast (safe; 1% risk of failure)
Confirm with . or Enter, or press ? or * to list all spells.
Aiming: Sandblast (safe; 1% risk of failure)
Press: ? - help, Shift-Dir - straight line, f/p - orc warlord
Aim: an orc warlord, wielding a +2 dire flail and wearing a +0 chain mail (almost dead)
The blast of sand hits the orc warlord.
The orc warlord is almost dead.
b - 215 stones
* * * LOW MAGIC WARNING * * *
The orc warlord hits you with a +2 dire flail!!
You die...

·········▒▒▒·▒▒▒▒·PP·P·P······▒
▒▒····▒▒▒▒▒▒·▒ ▒▒··········P▒▒
▒····▒ ▒·▒·▒ ▒▒··P·P·♣·P▒▒
▒▒·▒▒▒ ▒·▒·▒▒▒ ▒·······▒▒▒▒▒▒
▒··▒ ▒·····▒ ▒···▒········▒
▒▒·▒ ▒···▒·▒ ▒▒··▒········▒ ▒·▒
▒▒·▒▒▒·▒ ▒▒·▒········▒
▒·▒▒▒▒···▒▒▒▒▒▒▒ ▒··········▒
▒·▒····8·(··▒@·▒ ▒▒·▒╬▒▒····▒
▒·▒·········▒▒o▒ ▒···▒▒····▒
▒·▒·········▒▒·▒ ▒▒··▒▒▒▒▒▒▒
▒·▒····[····▒▒>▒ ▒··▒
▒············▒·▒ ▒·)▒
▒······[$·)····▒▒▒▒▒··▒
▒··8[··>)··8·(····▒▒··▒
▒▒····[·$····▒▒▒▒·▒▒··▒▒
▒···········▒ ▒▒······▒


You could see an orc warlord.

Vanquished Creatures
  A cacodemon (Gauntlet)
  A minotaur (Gauntlet)
  A fire dragon (Lair:6)
  Harold (D:10)
  3 hydras
  2 two-headed ogres
  5 death yaks (Lair:3)
  Urug (Lair:3)
  Sonja (Lair:3)
  A skeletal warrior (D:9)
  An unseen horror (D:9)
  A swamp dragon (Lair:6)
  Pikel (D:9)
  A necromancer (Gauntlet)
  3 oklob plants (Lair:2)
  A deep elf mage (D:10)
  A cyclops (D:11)
  2 ugly things (IceCv)
  6 black mambas
  Joseph (D:10)
  4 elephants (Lair:5)
  An eye of devastation (Gauntlet)
  2 ice statues (IceCv)
  9 spiny frogs
  2 torpor snails
  7 rime drakes
  7 komodo dragons
  A troll (D:9)
  A hornet (D:10)
  2 polar bears
  8 dream sheep
  8 blink frogs
  7 hippogriffs
  48 yaks
  A shadow (D:11)
  4 basilisks
  4 hungry ghosts
  A golden eye (Gauntlet)
  3 steam dragons
  Menkaure (D:4)
  A warg (Orc:1)
  9 water moccasins
  2 acid dragons
  A floating eye (Gauntlet)
  6 porcupines
  8 orc warriors
  7 ice beasts
  A slave (D:9)
  6 black bears
  2 swamp drakes (Lair:6)
  2 sky beasts
  An eye of draining (D:11)
  4 ogres
  2 phantoms
  28 wolves
  2 centaurs
  14 crocodiles
  Blork the orc (D:5)
  3 big kobolds (D:9)
  18 bullfrogs
  A water moccasin zombie (D:8)
  A wyvern skeleton (D:11)
  3 troll zombies (D:11)
  10 scorpions
  12 killer bees
  6 electric eels
  8 wights
  3 howler monkeys
  9 crimson imps
  3 bullfrog skeletons
  3 hounds
  Crazy Yiuf (D:5)
  3 centaur skeletons
  A jelly (D:7)
  10 orc wizards
  8 orc priests
  A gnoll shaman (D:8)
  Jessica (D:3)
  9 worker ants
  A killer bee zombie (D:9)
  5 ogre zombies (D:11)
  A worker ant zombie (D:6)
  12 gnolls
  17 adders
  A howler monkey skeleton (D:9)
  2 shadow imps
  12 white imps (Lair:6)
  An ooze (D:2)
  An adder zombie (D:5)
  2 adder skeletons
  7 worms
  3 dart slugs
  10 leopard geckos
  37 orcs
  2 ball pythons
  7 bats
  5 giant cockroaches
  10 goblins
  11 hobgoblins
  25 jackals
  7 quokkas
  5 frilled lizards
  A giant cockroach zombie (D:5)
  2 goblin skeletons (D:11)
  5 goblin zombies (D:11)
  A hobgoblin skeleton (D:11)
  2 hobgoblin zombies (D:11)
  6 kobolds
  3 leopard gecko skeletons
  2 orc skeletons (D:11)
  13 orc zombies (D:11)
  A quokka zombie (D:5)
  10 rats
  A demonic plant (Gauntlet)
  3 plants
601 creatures vanquished.

Vanquished Creatures (collateral kills)
  Gastronok (D:8)
  A hippogriff (D:9)
  A yak (Lair:3)
  A slave (D:9)
  A demonic plant (Gauntlet)
5 creatures vanquished.

Vanquished Creatures (others)
  2 slaves (D:9)
  4 demonic plants (Gauntlet)
  11 fungi
  21 plants
38 creatures vanquished.

Grand Total: 644 creatures vanquished

Notes
Turn   | Place    | Note
-------+----------+-------------------------------------------
     0 | D:1      | Azzok the Gnoll Earth Elementalist began the quest for the
                  | Orb.
     0 | D:1      | Reached XP level 1. HP: 13/13 MP: 6/6
   272 | D:1      | Reached XP level 2. HP: 12/19 MP: 5/7
   578 | D:1      | Reached XP level 3. HP: 25/25 MP: 6/9
   580 | D:1      | Reached skill level 5 in Spellcasting
  1019 | D:2      | Reached skill level 1 in Invocations
  1050 | D:2      | Learned a level 3 spell: Stone Arrow
  1068 | D:2      | Reached skill level 1 in Fighting
  1068 | D:2      | Reached skill level 1 in Short Blades
  1068 | D:2      | Reached skill level 1 in Long Blades
  1068 | D:2      | Reached skill level 1 in Axes
  1068 | D:2      | Reached skill level 1 in Maces & Flails
  1068 | D:2      | Reached skill level 1 in Polearms
  1068 | D:2      | Reached skill level 1 in Staves
  1068 | D:2      | Reached skill level 1 in Slings
  1068 | D:2      | Reached skill level 1 in Bows
  1068 | D:2      | Reached skill level 1 in Crossbows
  1068 | D:2      | Reached skill level 1 in Throwing
  1068 | D:2      | Reached skill level 1 in Armour
  1068 | D:2      | Reached skill level 1 in Shields
  1068 | D:2      | Reached skill level 1 in Unarmed Combat
  1068 | D:2      | Reached skill level 1 in Evocations
  1092 | D:2      | Reached XP level 4. HP: 22/32 MP: 9/11
  1610 | D:2      | Found a stormy altar of Qazlal.
  1610 | D:2      | Found a glowing silver altar of Zin.
  1763 | D:2      | Found a white marble altar of Elyvilon.
  2031 | D:2      | Reached skill level 1 in Conjurations
  2031 | D:2      | Reached skill level 1 in Hexes
  2031 | D:2      | Reached skill level 1 in Charms
  2031 | D:2      | Reached skill level 1 in Summonings
  2031 | D:2      | Reached skill level 1 in Necromancy
  2031 | D:2      | Reached skill level 1 in Translocations
  2031 | D:2      | Reached skill level 1 in Fire Magic
  2031 | D:2      | Reached skill level 1 in Ice Magic
  2031 | D:2      | Reached skill level 1 in Air Magic
  2031 | D:2      | Reached skill level 1 in Poison Magic
  2674 | D:3      | Reached XP level 5. HP: 37/37 MP: 7/12
  2788 | D:3      | Found a sparkling altar of Nemelex Xobeh.
  3320 | D:3      | Noticed Jessica
  3324 | D:3      | Killed Jessica
  3331 | D:3      | Reached XP level 6. HP: 44/44 MP: 1/13
  3561 | D:3      | Found a shattered altar of Ashenzari.
  3671 | D:4      | You fall through a shaft for 3 floors!
  3671 | D:7      | Found a staircase to the Ecumenical Temple.
  3686 | Temple   | Entered the Ecumenical Temple
  3757 | Temple   | Became a worshipper of Vehumet
  3869 | D:7      | Reached skill level 5 in Dodging
  4073 | D:6      | Found a shimmering altar of Xom.
  4077 | D:6      | Reached XP level 7. HP: 50/50 MP: 5/15
  4460 | D:6      | Learned a level 5 spell: Lee's Rapid Deconstruction
  4478 | D:6      | Reached skill level 5 in Stealth
  4478 | D:6      | Noticed a steam dragon
  4491 | D:6      | Killed a steam dragon
  4492 | D:6      | Reached XP level 8. HP: 34/57 MP: 1/16
  4687 | D:5      | Entered Level 5 of the Dungeon
  4760 | D:5      | Noticed Blork the orc
  4848 | D:5      | Killed Blork the orc
  4925 | D:5      | Reached * piety under Vehumet
  4925 | D:5      | Offered knowledge of Magic Dart by Vehumet.
  5062 | D:4      | HP: 2/58 [scorpion (2)]
  5751 | D:4      | Found a shadowy altar of Dithmenos.
  5918 | D:4      | Found a bloodstained altar of Trog.
  5934 | D:4      | Noticed Menkaure
  5939 | D:4      | Killed Menkaure
  6062 | D:4      | Found a shadowy altar of Dithmenos.
  6413 | D:5      | Reached ** piety under Vehumet
  6413 | D:5      | Offered knowledge of Flame Tongue by Vehumet.
  6609 | D:5      | Found a burning altar of Makhleb.
  6674 | D:5      | Found an ancient bone altar of Kikubaaqudgha.
  6683 | D:5      | Found a blossoming altar of Fedhas.
  7040 | D:5      | Reached XP level 9. HP: 65/65 MP: 4/18
  7168 | D:5      | Found a runed translucent door.
  7169 | D:5      | Noticed Crazy Yiuf
  7444 | D:5      | Killed Crazy Yiuf
  7589 | D:6      | Found a deep blue altar of Sif Muna.
  7869 | D:6      | Offered knowledge of Throw Flame by Vehumet.
  9304 | D:7      | Got a pitted amethyst amulet
  9334 | D:6      | Identified the amulet of Yredelemnul's Delight {Acrobat
                  | Dex+2} (You found it on level 7 of the Dungeon)
 10172 | D:8      | Reached skill level 5 in Invocations
 10272 | D:8      | Reached *** piety under Vehumet
 10475 | D:8      | Reached XP level 10. HP: 73/73 MP: 12/20
 10481 | D:8      | Learned a level 4 spell: Summon Ice Beast
 10524 | D:8      | Found an ornate altar of the Wu Jian Council.
 10871 | D:8      | Noticed Gastronok
 10897 | D:8      | Killed Gastronok
 10897 | D:8      | Reached skill level 5 in Fighting
 10897 | D:8      | Reached skill level 5 in Short Blades
 10897 | D:8      | Reached skill level 5 in Long Blades
 10897 | D:8      | Reached skill level 5 in Axes
 10897 | D:8      | Reached skill level 5 in Maces & Flails
 10897 | D:8      | Reached skill level 5 in Polearms
 10897 | D:8      | Reached skill level 5 in Staves
 10897 | D:8      | Reached skill level 5 in Slings
 10897 | D:8      | Reached skill level 5 in Bows
 10897 | D:8      | Reached skill level 5 in Crossbows
 10897 | D:8      | Reached skill level 5 in Throwing
 10897 | D:8      | Reached skill level 5 in Armour
 10897 | D:8      | Reached skill level 5 in Shields
 10897 | D:8      | Reached skill level 5 in Unarmed Combat
 10897 | D:8      | Reached skill level 5 in Evocations
 11622 | D:9      | Identified the +11 halberd of Recklessness {chop, rF+}
 11622 | D:9      | Noticed a skeletal warrior
 11891 | D:9      | Noticed Pikel
 11911 | D:9      | Killed Pikel
 11920 | D:8      | Reached skill level 5 in Transmutations
 12258 | D:9      | Offered knowledge of Fulminant Prism by Vehumet.
 12756 | D:9      | Found Peteuh's General Store.
 12778 | D:9      | Noticed Erica
 13320 | D:9      | Noticed a two-headed ogre
 13335 | D:9      | HP: 3/75 [phantom (5)]
 13337 | D:9      | Killed a two-headed ogre
 13337 | D:9      | Reached XP level 11. HP: 4/81 MP: 10/22
 13661 | D:9      | Killed a skeletal warrior
 13965 | D:9      | Identified the Catalogue of Good Luck and Poisoning
 14014 | D:9      | Learned a level 3 spell: Regeneration
 14051 | D:9      | Killed an unseen horror
 14112 | D:9      | Reached skill level 5 in Conjurations
 14112 | D:9      | Reached skill level 5 in Hexes
 14112 | D:9      | Reached skill level 5 in Charms
 14112 | D:9      | Reached skill level 5 in Summonings
 14112 | D:9      | Reached skill level 5 in Necromancy
 14112 | D:9      | Reached skill level 5 in Translocations
 14112 | D:9      | Reached skill level 5 in Fire Magic
 14112 | D:9      | Reached skill level 5 in Ice Magic
 14112 | D:9      | Reached skill level 5 in Air Magic
 14112 | D:9      | Reached skill level 5 in Poison Magic
 14137 | D:9      | Noticed a four-headed hydra
 14157 | D:9      | Killed a four-headed hydra
 14236 | D:9      | Bought a potion of heal wounds for 85 gold pieces
 14539 | D:9      | Noticed a two-headed hydra
 14545 | D:9      | Killed a two-headed hydra
 14773 | D:9      | Found a runed translucent gate.
 14773 | D:9      | Found a runed translucent gate.
 14774 | D:9      | Found a runed translucent gate.
 14774 | D:9      | Found an opulent altar of Gozag.
 14775 | D:9      | Found Doroh's Assorted Antiques.
 14775 | D:9      | Noticed a wolf spider
 14776 | D:9      | Noticed HEYYEYAAE's ghost (journeyman OpHu)
 14877 | D:10     | Entered Level 10 of the Dungeon
 14877 | D:10     | Noticed a two-headed ogre
 14890 | D:10     | Killed a two-headed ogre
 15110 | D:10     | Noticed a deep elf mage
 15126 | D:10     | Killed a deep elf mage
 15189 | D:10     | Reached **** piety under Vehumet
 15253 | D:10     | Identified the +4 chain mail of the Heavens {rElec rN+
                  | Regen+}
 15452 | D:10     | Noticed Harold
 15458 | D:10     | Killed Harold
 15461 | D:10     | Noticed Joseph
 15575 | D:10     | Killed Joseph
 15575 | D:10     | Reached XP level 12. HP: 78/89 MP: 13/24
 15803 | D:10     | Found Kuatyt's Weapon Shop.
 16106 | D:11     | Offered knowledge of Ignite Poison by Vehumet.
 16228 | D:11     | Noticed a seven-headed hydra
 16229 | D:11     | Found a staircase to the Lair.
 16397 | D:11     | Killed a seven-headed hydra
 16977 | D:11     | Reached ***** piety under Vehumet
 17008 | D:11     | Offered knowledge of Bolt of Magma by Vehumet.
 17408 | D:11     | Found a staircase to the Orcish Mines.
 17605 | Lair:1   | Entered Level 1 of the Lair of Beasts
 17712 | Lair:1   | Found a gate leading to a gauntlet.
 17721 | Gauntlet | Entered a Gauntlet
 17721 | Gauntlet | Found a transporter.
 17721 | Gauntlet | Found a transporter.
 17721 | Gauntlet | Found a large runed translucent door.
 17721 | Gauntlet | Found a large runed translucent door.
 17721 | Gauntlet | Found a large runed translucent door.
 17721 | Gauntlet | Found a large runed translucent door.
 17721 | Gauntlet | Found a large runed translucent door.
 17721 | Gauntlet | Found a large runed translucent door.
 17721 | Gauntlet | Found a runed translucent door.
 17721 | Gauntlet | Found a runed translucent door.
 17721 | Gauntlet | Found a large runed translucent door.
 17721 | Gauntlet | Found a large runed translucent door.
 17721 | Gauntlet | Found a large runed translucent door.
 17721 | Gauntlet | Found a large runed translucent door.
 17721 | Gauntlet | Found a large runed translucent door.
 17721 | Gauntlet | Found a large runed translucent door.
 17725 | Gauntlet | Found a transporter.
 17725 | Gauntlet | Found a transporter.
 17735 | Gauntlet | Found a transporter.
 17752 | Gauntlet | Noticed a death scarab
 17755 | Gauntlet | Found a transporter.
 17763 | Gauntlet | Found a transporter.
 17763 | Gauntlet | Found a transporter.
 17767 | Gauntlet | Found a transporter.
 17773 | Gauntlet | Found a transporter.
 17773 | Gauntlet | Noticed a cacodemon
 17807 | Gauntlet | Found a transporter.
 17826 | Gauntlet | Found a large runed translucent door.
 17827 | Gauntlet | Found a large runed translucent door.
 17830 | Gauntlet | Found a runed translucent gate.
 17830 | Gauntlet | Found a runed translucent gate.
 17831 | Gauntlet | Found a runed translucent gate.
 17833 | Gauntlet | Found a large runed translucent door.
 17834 | Gauntlet | Found a large runed translucent door.
 17846 | Gauntlet | Found a transporter.
 17863 | Gauntlet | Found a transporter.
 17885 | Gauntlet | Found a transporter.
 17950 | Gauntlet | Found a transporter.
 17971 | Gauntlet | Found a transporter.
 18217 | Gauntlet | Got a steaming glass ring
 18218 | Gauntlet | Identified the ring of Seiddyge {rPois rF+ rC+++ Int+2
                  | Stlth-} (You found it in a Gauntlet)
 18293 | Gauntlet | Killed a cacodemon
 18302 | Gauntlet | Got a glittering lapis lazuli ring
 18385 | Gauntlet | Noticed a minotaur
 18416 | Gauntlet | Killed a minotaur
 18481 | Lair:1   | Reached XP level 13. HP: 95/98 MP: 8/26
 19156 | Lair:1   | Identified the ring of Teech {*Tele rPois rC+ MR+ Stlth+}
                  | (You found it in a Gauntlet)
 19950 | Lair:1   | Learned a level 5 spell: Bolt of Magma
 21784 | Lair:3   | Noticed Sonja
 21794 | Lair:3   | Killed Sonja
 22091 | Lair:3   | Found a hole to the Spider Nest.
 22308 | Lair:3   | Offered knowledge of Iron Shot by Vehumet.
 22385 | Lair:3   | Learned a level 6 spell: Iron Shot
 23029 | Lair:3   | Noticed Urug
 23038 | Lair:3   | Killed Urug
 23179 | Lair:3   | Reached skill level 10 in Spellcasting
 23463 | Lair:4   | Found a staircase to the Shoals.
 23554 | Lair:4   | Reached XP level 14. HP: 101/106 MP: 22/28
 24617 | Lair:5   | Reached skill level 10 in Dodging
 25086 | Lair:5   | Learned a level 6 spell: Bolt of Fire
 25115 | Lair:5   | Learned a level 5 spell: Fireball
 25125 | Lair:5   | You fall through a shaft!
 25125 | Lair:6   | Entered Level 6 of the Lair of Beasts
 25125 | Lair:6   | Found a staircase to the Slime Pits.
 25194 | Lair:6   | Found a frozen archway.
 25279 | IceCv    | Entered an ice cave
 25405 | IceCv    | Found a transporter.
 25429 | IceCv    | Found a transporter.
 25752 | Lair:6   | Reached skill level 10 in Stealth
 25960 | Lair:5   | Offered knowledge of Conjure Ball Lightning by Vehumet.
 26256 | Lair:5   | Reached skill level 10 in Invocations
 26647 | Lair:6   | Found a runed translucent door.
 26654 | Lair:6   | Noticed Puepiyp's ghost (journeyman VSTm)
 27838 | Lair:6   | Identified the +5 spear of Harmony {freeze, rElec rPois
                  | MR++ Str-3}
 27992 | Orc:1    | Entered Level 1 of the Orcish Mines
 28021 | Orc:1    | Noticed an orc warlord
 28338 | D:11     | Slain by an orc warlord

Skill      XL: |  1  2  3  4  5  6  7  8  9 10 11 12 13 14 |
---------------+-------------------------------------------+-----
Transmutations | 2 3 4 5 6 7 8 |  8.1
Spellcasting   | 5 6 7 8 9 10 | 10.5
Invocations    | 1 2 3 4 5 6 7 8 9 10 | 10.1
Fighting       | 1 2 3 4 5 6 7 8 9 |  9.3
Short Blades   | 1 2 3 4 5 6 7 8 9 |  9.3
Long Blades    | 1 2 3 4 5 6 7 8 9 |  9.3
Axes           | 1 2 3 4 5 6 7 8 9 |  9.3
Maces & Flails | 1 2 3 4 5 6 7 8 9 |  9.3
Polearms       | 1 2 3 4 5 6 7 8 9 |  9.3
Staves         | 1 2 3 4 5 6 7 8 9 |  9.3
Slings         | 1 2 3 4 5 6 7 8 9 |  9.3
Bows           | 1 2 3 4 5 6 7 8 9 |  9.3
Crossbows      | 1 2 3 4 5 6 7 8 9 |  9.3
Throwing       | 1 2 3 4 5 6 7 8 9 |  9.3
Armour         | 1 2 3 4 5 6 7 8 9 |  9.3
Shields        | 1 2 3 4 5 6 7 8 9 |  9.3
Unarmed Combat | 1 2 3 4 5 6 7 8 9 |  9.3
Evocations     | 1 2 3 4 5 6 7 8 9 |  9.3
Conjurations   | 1 2 3 4 5 6 7 |  7.8
Hexes          | 1 2 3 4 5 6 7 |  7.8
Charms         | 1 2 3 4 5 6 7 |  7.8
Summonings     | 1 2 3 4 5 6 7 |  7.8
Necromancy     | 1 2 3 4 5 6 7 |  7.8
Translocations | 1 2 3 4 5 6 7 |  7.8
Fire Magic     | 1 2 3 4 5 6 7 |  7.8
Ice Magic      | 1 2 3 4 5 6 7 |  7.8
Air Magic      | 1 2 3 4 5 6 7 |  7.8
Poison Magic   | 1 2 3 4 5 6 7 |  7.8
Dodging        | 5 6 7 8 9 10 | 10.3
Stealth        | 5 6 7 8 9 10 | 10.2
Earth Magic    | 6 7 8 9 |  9.6

Action                   |  1- 3 |  4- 6 |  7- 9 | 10-12 | 13-15 || total
-------------------------+-------+-------+-------+-------+-------++-------
Melee: Unarmed           |    62 |    16 |       |       |       ||    78
       Bite              |     4 |     4 |     7 |     5 |     7 ||    27
       Dagger            |       |    12 |    68 |    28 |       ||   108
       Punch             |       |       |     1 |       |       ||     1
       Quarterstaff      |       |       |    12 |       |       ||    12
       Staff             |       |       |       |     6 |    69 ||    75
 Cast: Sandblast         |    31 |    25 |    88 |   107 |   153 ||   404
       Stone Arrow       |       |    50 |   127 |   187 |   186 ||   550
       Lee's Rapid Decon |       |       |     1 |    52 |     7 ||    60
       Summon Ice Beast  |       |       |       |    27 |     4 ||    31
       Regeneration      |       |       |       |     1 |     1 ||     2
       Bolt of Magma     |       |       |       |       |    16 ||    16
       Iron Shot         |       |       |       |       |    11 ||    11
       Fireball          |       |       |       |       |    62 ||    62
       Bolt of Fire      |       |       |       |       |    13 ||    13
 Abil: Evoke Invisibilit |       |       |       |     1 |       ||     1
Evoke: Lightning rod     |       |       |       |     4 |     1 ||     5
       Wand              |       |       |       |     2 |     3 ||     5
       Fan of gales      |       |       |       |     1 |       ||     1
       Lamp of fire      |       |       |       |       |     1 ||     1
  Use: Scroll            |       |       |    15 |    10 |     8 ||    33
       Potion            |       |       |       |    11 |     2 ||    13
 Stab: Sleeping          |     5 |       |       |       |       ||     5
  Eat: Chunk             |       |    13 |    21 |    24 |    21 ||    79
       Ration            |       |       |     1 |     4 |     7 ||    12
Armor: Robe              |     9 |     5 |    38 |    10 |       ||    62
       Troll leather arm |       |       |       |    11 |    56 ||    67
       Skin              |       |       |       |     3 |       ||     3
Dodge: Dodged            |    61 |    38 |   130 |   100 |   214 ||   543
       Deflected         |       |       |     1 |     3 |     7 ||    11
Block: Buckler           |       |       |     3 |    29 |    93 ||   125
